 Dungeon Crawl Stone Soup version 0.16.1-11-g651b585 (webtiles) character file.

70 wojtek the Cutter (level 4, 0/26 HPs)
             Began as a Kobold Assassin on Apr 3, 2015.
             Succumbed to an adder's poison
             ... on level 2 of the Dungeon.
             The game lasted 00:01:54 (2011 turns).

wojtek the Cutter (Kobold Assassin)                 Turns: 2011, Time: 00:01:54

Health: 0/26       AC:  3    Str:  9    XL:     4   Next: 45%
Magic:  4/4        EV: 14    Int: 10    God:
Gold:   142        SH:  0    Dex: 17    Spells: 0 memorised, 3 levels left

rFire  . . .     SeeInvis .     a - +2 dagger
rCold  . . .     Clarity  .     c - +0 robe
rNeg   . . .     SustAb   .     (no shield)
rPois  .         Gourm    .     (no helmet)
rElec  .         Spirit   .     d - +0 cloak
rCorr  .         Warding  .     (no gloves)
rMut   .         Stasis   .     (no boots)
MR     .....                    (no amulet)
Stlth  +++.......               (no ring)
                                (no ring)

@: lethally poisoned (0 -> -2), not resistant to hostile enchantments, fairly
stealthy
A: carnivore 3
a: no special abilities


You were on level 2 of the Dungeon.
You were completely stuffed.

You visited 1 branch of the dungeon, and saw 2 of its levels.

You collected 142 gold pieces.

Inventory:

Hand weapons
 a - a +2 dagger (weapon)
 b - a +0 blowgun
Missiles
 e - 18 poisoned needles
 f - 2 curare-tipped needles
Armour
 c - a +0 robe (worn)
 d - a +0 cloak (worn)
Scrolls
 l - a scroll of amnesia {unknown}
 m - 2 scrolls of identify {unknown}
 o - 2 scrolls of recharging {unknown}
Potions
 h - 2 potions of invisibility {unknown}
 i - a potion of lignification {unknown}
 j - 2 potions of heal wounds {unknown}
 k - a potion of curing {unknown}
 n - a potion of restore abilities {unknown}
 p - a potion of beneficial mutation {unknown}
 r - a potion of cancellation {unknown}
Comestibles
 g - a meat ration


   Skills:
 - Level 2.1 Fighting
 + Level 5.8 Short Blades
 - Level 2.6 Throwing
 - Level 1.2 Dodging
 - Level 5.3 Stealth


You had 3 spell levels left.
You didn't know any spells.

Dungeon Overview and Level Annotations

Branches:
Dungeon (2/15)

Altars:
Vehumet
Xom


Innate Abilities, Weirdness & Mutations

You are small and have problems with some larger weapons.
You are carnivorous and can eat meat at any time.


Message History

The hobgoblin is moderately wounded.
The bat misses you. The hobgoblin hits you with a club.
* * * LOW HITPOINT WARNING * * *
You are too injured to fight recklessly!
You are too injured to fight recklessly!
You are too injured to fight recklessly!
You are too injured to fight recklessly!
You are too injured to fight recklessly!
You are too injured to fight recklessly!
You are too injured to fight recklessly!
You are too injured to fight recklessly!
You are too injured to fight recklessly!
The bat hits you but does no damage. The bat closely misses you.
You hit the bat but do no damage. The bat barely misses you.
The bat hits you but does no damage.
You hit the bat.
You kill the bat!
The hobgoblin hits you with a club.
* * * LOW HITPOINT WARNING * * *
You die...

####..### # #.# #
#..#####.#############.####### #
#.............................
######...##.######..........####.
+........+ #..#...#...#
.#####...## #.###.###..# ..#
#...##.######..#...#..## ..#
##..#.....##....._....# ..#
##.#....g.@...#...#..# .)#
.#...†.###.###.###.# ..# .#.....#
#..#...#..# ### #..%..# #.... ..
..#.#### #..... . #. #..... .
#.... . .


You could see a hobgoblin.

Vanquished Creatures
  An adder (D:2)
  A giant mite (D:1)
  A worm (D:2)
  A giant gecko (D:1)
  2 oozes
  A ball python (D:2)
  2 giant cockroaches
  5 goblins (D:1)
  8 hobgoblins
  4 kobolds (D:1)
  5 bats
  2 giant newts (D:1)
  7 jackals
  2 rats
42 creatures vanquished.

Notes
Turn   | Place    | Note
--------------------------------------------------------------
     0 | D:1      | wojtek, the Kobold Assassin, began the quest for the Orb.
     0 | D:1      | Reached XP level 1. HP: 12/12 MP: 1/1
   424 | D:1      | Reached XP level 2. HP: 17/17 MP: 2/2
   651 | D:1      | Reached XP level 3. HP: 18/21 MP: 3/3
  1260 | D:1      | Reached skill level 5 in Short Blades
  1647 | D:2      | Reached XP level 4. HP: 22/26 MP: 4/4
  1699 | D:2      | Found a shimmering altar of Xom.
  1971 | D:2      | Found a radiant altar of Vehumet.
  2010 | D:2      | HP: 1/26 [hobgoblin/club (5)]
  2011 | D:2      | Succumbed to an adder's poison

Action                   |  1- 3 |  4- 6 || total
-------------------------+-------+-------++-------
Melee: Dagger            |   129 |    48 ||   177
 Stab: Sleeping          |     6 |       ||     6
  Eat: Chunk             |    10 |     2 ||    12
